[Event "Titled Tuesday Blitz July 4 Late 2023"]
[White "Dardha, Daniel"]
[Black "Lazavik, Denis"]
[WhiteFideId "240990"]
[BlackFideId "13515110"]
[WhiteElo "2890"]
[BlackElo "3047"]
[Result "0-1"]
[Round "4"]
[TimeControl "180+2"]
[Date "2023.07.04"]
[WhiteClock "0:00:54"]
[BlackClock "0:01:50"]
[Board "5"]

1. d4 Nf6 2. Bg5 d5 3. e3 c5 4. Bxf6 gxf6 5. Bb5+ Bd7 6. Bxd7+ Nxd7 7. Ne2 e6 8. O-O Rc8 9. Nd2 cxd4 10. exd4 Bh6 11. c3 O-O 12. Nf3 Kh8 13. g3 f5 14. Nc1 Rg8 15. Nd3 Nf6 16. Nfe5 Qe7 17. Kg2 Rg7 18. Re1 Rcg8 19. Qf3 Bg5 20. Kh1 Ne4 21. Rad1 f6 22. Re2 fxe5 23. Nxe5 Bf6 24. Nd3 Qf7 25. Nf4 Bg5 26. Nd3 Bd8 27. Ne5 Qf6 28. Qh5 Bc7 29. f3 Ng5 30. Rde1 Bxe5 31. Rxe5 Rg6 32. f4 Ne4 33. Kg2 Rh6 34. Qf3 Qh4 35. Rh1 Qh3+ 36. Kg1 Nxg3 37. hxg3 Rxg3+ 38. Kf2 Rxf3+ 0-1


[Site "https://www.chess.com"]

[Event "Titled Tuesday Blitz July 4 Late 2023"]
[White "Bortnyk, Olexandr"]
[Black "Henriquez Villagra, Cristobal"]
[WhiteFideId "14120828"]
[BlackFideId "3409350"]
[WhiteElo "3030"]
[BlackElo "2856"]
[Result "1-0"]
[Round "4"]
[TimeControl "180+2"]
[Date "2023.07.04"]
[WhiteClock "0:00:43"]
[BlackClock "0:00:01"]
[Board "6"]

1. d4 d5 2. Nc3 Nf6 3. Bf4 a6 4. e3 h6 5. a3 Bf5 6. Nf3 e6 7. Bd3 Bxd3 8. cxd3 Bd6 9. Ne5 Nfd7 10. O-O Nxe5 11. dxe5 Be7 12. e4 dxe4 13. d4 Nc6 14. d5 exd5 15. Nxd5 O-O 16. Re1 Bg5 17. Bg3 Ne7 18. Nxe7+ Qxe7 19. Rxe4 Qe6 20. Qc2 Rfd8 21. h4 Be7 22. Qxc7 Rac8 23. Qxb7 Rb8 24. Qa7 Rxb2 25. Rc1 Bxa3 26. Ra4 Rb3 27. Rxa6 Bxc1 28. Rxe6 fxe6 29. Qc7 Rd1+ 30. Kh2 Kh7 31. Qc4 Rbd3 32. Qxe6 Ba3 33. Qf5+ Kg8 34. e6 Rd8 35. Qf7+ Kh8 36. Be5 1-0


[Site "https://www.chess.com"]

[Event "Titled Tuesday Blitz July 4 Late 2023"]
[White "Bluebaum, Matthias"]
[Black "Kantor, Gergely"]
[WhiteFideId "24651516"]
[BlackFideId "751499"]
[WhiteElo "3024"]
[BlackElo "2840"]
[Result "1-0"]
[Round "4"]
[TimeControl "180+2"]
[Date "2023.07.04"]
[WhiteClock "0:00:07"]
[BlackClock "0:00:00"]
[Board "7"]

1. d4 Nc6 2. d5 Ne5 3. e4 e6 4. dxe6 dxe6 5. Qxd8+ Kxd8 6. f4 Nd7 7. Nc3 Bb4 8. Bd2 Ngf6 9. O-O-O Bxc3 10. Bxc3 Nxe4 11. Bxg7 Rg8 12. Bd4 c5 13. Be3 Ke7 14. g3 b6 15. Bg2 Bb7 16. Ne2 Rad8 17. Rhe1 Ndf6 18. Rxd8 Rxd8 19. a3 Bd5 20. Bh1 h5 21. f5 e5 22. Rd1 Bc4 23. Rxd8 Kxd8 24. Bf3 Ke7 25. b3 Bxe2 26. Bxe2 Ng4 27. Bg1 Nd6 28. h3 Nf6 29. g4 hxg4 30. hxg4 Nfe4 31. c4 f6 32. Kc2 Ng5 33. Be3 Nde4 34. b4 Kd6 35. Bd3 Kc7 36. Bxe4 Nxe4 37. Kd3 Nd6 38. bxc5 Nf7 39. cxb6+ axb6 40. c5 bxc5 41. Bxc5 Nh6 42. Bf8 Nxg4 43. Bg7 Kc6 44. Ke4 Nf2+ 45. Kf3 Nd3 46. Bxf6 Kd5 47. a4 Nc5 48. a5 e4+ 49. Ke3 Nd7 50. a6 Kc6 51. Bd4 1-0


[Site "https://www.chess.com"]

[Event "Titled Tuesday Blitz July 4 Late 2023"]
[White "Martinez Alcantara, Jose Eduardo"]
[Black "Oro, Faustino"]
[WhiteFideId "3805662"]
[BlackFideId "20000197"]
[WhiteElo "3020"]
[BlackElo "2831"]
[Result "1-0"]
[Round "4"]
[TimeControl "180+2"]
[Date "2023.07.04"]
[WhiteClock "0:00:04"]
[BlackClock "0:00:00"]
[Board "8"]

1. e4 e5 2. Nf3 Nc6 3. Bb5 a6 4. Ba4 Nf6 5. d3 Bc5 6. c3 d6 7. Nbd2 b5 8. Bb3 O-O 9. h3 Ba7 10. Nf1 Be6 11. Ng3 h6 12. Qe2 d5 13. Nh4 Ne7 14. Qf3 Kh7 15. Nhf5 Nxf5 16. Nxf5 c5 17. Bc2 Ng8 18. h4 g6 19. Ng3 Qf6 20. Qe2 c4 21. exd5 Bxd5 22. Ne4 Qc6 23. h5 cxd3 24. Bxd3 Rae8 25. hxg6+ fxg6 26. f3 Kg7 27. Bd2 Bc4 28. Bxc4 Qxc4 29. a4 Bb6 30. axb5 axb5 31. Qxc4 bxc4 32. Ra6 Re6 33. Ke2 g5 34. Be3 Rb8 35. Rd1 Rg6 36. Rd7+ Kh8 37. g4 Rc6 38. Nd6 Nf6 39. Rb7 Rxb7 40. Nxb7 Nd7 41. Na5 Rf6 42. Nxc4 Bxe3 43. Rxf6 Nxf6 44. Nxe3 Kg7 45. b4 h5 46. gxh5 Nxh5 47. Kd3 Kf7 48. b5 Ke6 49. b6 Nf6 50. b7 Nd7 51. Kc4 Kd6 52. Ng4 Kc7 53. Kd5 Kxb7 54. Nxe5 Nf6+ 55. Ke6 Nh5 56. Kf5 Nf4 57. Kxg5 Nd5 58. c4 Ne3 59. f4 Kc7 60. f5 Kd6 61. f6 Ke6 62. Kg6 Ng2 63. f7 Nf4+ 64. Kg7 Nh5+ 65. Kh6 1-0


[Site "https://www.chess.com"]

[Event "Titled Tuesday Blitz July 4 Late 2023"]
[White "Stribuk, Artiom"]
[Black "Korobov, Anton"]
[WhiteFideId "13515659"]
[BlackFideId "14105730"]
[WhiteElo "2816"]
[BlackElo "3014"]
[Result "0-1"]
[Round "4"]
[TimeControl "180+2"]
[Date "2023.07.04"]
[WhiteClock "0:00:00"]
[BlackClock "0:00:33"]
[Board "9"]

1. d4 Nf6 2. c4 e6 3. g3 d5 4. Bg2 dxc4 5. Nf3 Bb4+ 6. Bd2 a5 7. Qc2 Ra6 8. a3 Bxd2+ 9. Nbxd2 b5 10. a4 c6 11. b3 cxb3 12. Nxb3 Nbd7 13. O-O O-O 14. Rfc1 b4 15. Nfd2 Nd5 16. Ne4 Qb6 17. Qc4 h6 18. e3 Rd8 19. Rc2 Bb7 20. Rac1 Raa8 21. Nec5 Nxc5 22. Qxc5 Qc7 23. h4 Nb6 24. Bxc6 Bxc6 25. Qxc6 Qxc6 26. Rxc6 Nxa4 27. Ra1 Nc3 28. Rxa5 Rxa5 29. Nxa5 Ra8 30. Nb3 Ra2 31. Rb6 Ne4 32. Nc5 Nxf2 33. Rxb4 Ng4 34. Rb3 h5 35. Ne4 f6 36. Kf1 Kf7 37. Rc3 Kg6 38. Rb3 Nh2+ 39. Kg1 Kf5 40. Nd6+ Kg4 41. e4 Nf3+ 42. Kf1 Kxg3 0-1


[Site "https://www.chess.com"]

[Event "Titled Tuesday Blitz July 4 Late 2023"]
[White "Tahbaz, Arash"]
[Black "Talibov, Shiroghlan"]
[WhiteFideId "12528846"]
[BlackFideId "13429078"]
[WhiteElo "3005"]
[BlackElo "2806"]
[Result "0-1"]
[Round "4"]
[TimeControl "180+2"]
[Date "2023.07.04"]
[WhiteClock "0:00:02"]
[BlackClock "0:00:06"]
[Board "10"]

1. Nf3 Nf6 2. g3 g6 3. Bg2 Bg7 4. O-O O-O 5. c4 d6 6. Nc3 c5 7. d4 Nc6 8. dxc5 dxc5 9. Bf4 Be6 10. Ne5 Nxe5 11. Bxe5 Qb6 12. b3 Rfd8 13. Qc1 Nd7 14. Na4 Qa6 15. Bxg7 Kxg7 16. Qe3 Rac8 17. Rad1 b6 18. Nc3 Nf6 19. a4 Qa5 20. Nd5 Bxd5 21. cxd5 Rc7 22. Qe5 Rcd7 23. e4 Qb4 24. Rd3 c4 25. bxc4 Qxc4 26. Rd4 Qc3 27. Bh3 e6 28. Rfd1 h6 29. Kg2 g5 30. R1d3 Qc5 31. Rf3 Qe7 32. d6 Rxd6 33. Rxd6 Rxd6 34. Rxf6 Qxf6 35. Qxd6 h5 36. Kg1 Qa1+ 37. Bf1 Qxa4 38. Qe5+ Kg6 39. h4 gxh4 40. gxh4 Qd1 41. Qg3+ Kh7 42. Qf4 Kg7 43. Kg2 a5 44. Qg5+ Kh7 45. Qf6 Kg8 46. Qg5+ Kf8 47. Qh6+ Ke7 48. Qf4 a4 49. Qc7+ Kf6 50. e5+ Kg6 51. Qc3 Qg4+ 52. Kh2 Qxh4+ 53. Kg1 Qg4+ 54. Kh2 Qh4+ 55. Kg1 Qg4+ 56. Bg2 h4 57. Kh2 b5 58. Qe3 b4 59. Bf3 Qg5 60. Be4+ Kh6 61. f4 Qg3+ 62. Qxg3 hxg3+ 63. Kxg3 b3 64. Bc6 a3 65. Ba4 a2 66. Bxb3 a1=Q 67. Bc2 Qc3+ 68. Kg4 Qxc2 0-1


[Site "https://www.chess.com"]

[Event "Titled Tuesday Blitz July 4 Late 2023"]
[White "Rustemov, Alexander"]
[Black "Deac, Bogdan-Daniel"]
[WhiteFideId "4119002"]
[BlackFideId "1226380"]
[WhiteElo "2805"]
[BlackElo "3000"]
[Result "1-0"]
[Round "4"]
[TimeControl "180+2"]
[Date "2023.07.04"]
[WhiteClock "0:00:04"]
[BlackClock "0:00:03"]
[Board "11"]

1. d4 Nf6 2. Nf3 d5 3. Bf4 c5 4. e3 Nc6 5. Nbd2 cxd4 6. exd4 Nh5 7. Be3 g6 8. c3 Bg7 9. Bd3 Qc7 10. O-O Nf4 11. Bxf4 Qxf4 12. Re1 O-O 13. h3 a6 14. a4 Qc7 15. Qe2 Bd7 16. Ne5 Nxe5 17. dxe5 e6 18. Nf3 Rfb8 19. h4 h5 20. Nd4 b5 21. axb5 axb5 22. Rxa8 Rxa8 23. Bxb5 Bxb5 24. Nxb5 Qb8 25. f4 Ra2 26. Kh2 Bf8 27. Kh3 Bc5 28. g3 Qb6 29. Rd1 Kg7 30. Rd2 Be3 31. Rc2 Ra1 32. Nd6 Bxf4 33. Qf3 Qg1 34. Rf2 f5 35. gxf4 Re1 36. b4 Rc1 37. b5 Qe1 38. Re2 Qg1 39. Rf2 Qe1 40. Kg2 Rxc3 41. Qe2 Qb1 42. Kh2 Rc1 43. Qf3 Qb4 44. Qg2 Qe1 45. Ne8+ Kf7 46. Nd6+ Kg7 47. Re2 Qc3 48. Rf2 Qb4 49. Qg3 Qd4 50. Rg2 Kf8 51. Qxg6 Qxf4+ 52. Qg3 Qxg3+ 53. Kxg3 Rb1 54. Kf4 Rb4+ 55. Kg5 Ke7 56. Kxh5 d4 57. Rg7+ Kf8 58. Rg2 f4 59. Rd2 f3 60. Kg4 f2 61. Rxf2+ Kg7 62. Rd2 Kh6 63. Kf3 Kh5 64. Ke4 1-0


[Site "https://www.chess.com"]

[Event "Titled Tuesday Blitz July 4 Late 2023"]
[White "Raja Rithvik R"]
[Black "Kollars, Dmitrij"]
[WhiteFideId "35007394"]
[BlackFideId "12909572"]
[WhiteElo "2786"]
[BlackElo "2981"]
[Result "1/2-1/2"]
[Round "4"]
[TimeControl "180+2"]
[Date "2023.07.04"]
[WhiteClock "0:00:06"]
[BlackClock "0:00:05"]
[Board "13"]

1. Nf3 Nf6 2. c4 e6 3. g3 a6 4. d4 b5 5. b3 Bb7 6. Bg2 Bb4+ 7. Bd2 Be7 8. O-O O-O 9. Nc3 Ne4 10. Re1 Nxc3 11. Bxc3 Be4 12. Qd2 bxc4 13. bxc4 d5 14. Ne5 Bxg2 15. Kxg2 dxc4 16. e4 Qc8 17. Nxc4 Rd8 18. Rac1 Nd7 19. d5 exd5 20. exd5 Bf8 21. Ne3 Nb6 22. Ba5 Qb7 23. Red1 Rd7 24. Kg1 Rad8 25. Rb1 Bc5 26. Qc3 Bxe3 27. Qxe3 Rxd5 28. Rxd5 Qxd5 29. Bxb6 cxb6 30. Qxb6 Qd3 31. Rb3 Qd1+ 32. Kg2 Qd5+ 33. Kg1 a5 34. h4 g6 35. Qb5 h5 36. Qxd5 Rxd5 37. Kg2 Rf5 38. a4 Kf8 39. Rb7 Rc5 40. Ra7 Rf5 41. Kf1 Ke8 42. Ke2 Kd8 43. Ke3 Ke8 44. Rb7 Kf8 45. Ra7 Ke8 46. f3 Re5+ 47. Kf4 Rf5+ 48. Ke4 Rc5 49. Ke3 Re5+ 50. Kd4 Rf5 51. Ke4 Rc5 52. Kd3 Rf5 53. Ke2 Re5+ 54. Kd3 Rc5 55. Kd4 Rf5 56. Ke4 1/2-1/2


[Site "https://www.chess.com"]

[Event "Titled Tuesday Blitz July 4 Late 2023"]
[White "Halkias, Stelios"]
[Black "Andreikin, Dmitry"]
[WhiteFideId "4201809"]
[BlackFideId "4158814"]
[WhiteElo "2772"]
[BlackElo "2971"]
[Result "1/2-1/2"]
[Round "4"]
[TimeControl "180+2"]
[Date "2023.07.04"]
[WhiteClock "0:01:02"]
[BlackClock "0:01:14"]
[Board "14"]

1. Nf3 Nf6 2. c4 e6 3. g3 b6 4. Bg2 Bb7 5. O-O Be7 6. Nc3 c5 7. d4 cxd4 8. Qxd4 d6 9. Bg5 h6 10. Bxf6 Bxf6 11. Qf4 O-O 12. Rfd1 Bxc3 13. bxc3 Na6 14. Rxd6 Qf6 15. Ne5 Bxg2 16. Kxg2 Nc5 17. Qe3 Rad8 18. Rad1 Rxd6 19. Rxd6 Rd8 20. Rxd8+ Qxd8 21. Qd4 Qc7 22. f3 Kf8 23. h4 Ke7 24. Nd3 Kf8 25. h5 Kg8 26. Nxc5 bxc5 27. Qe4 Qa5 28. Qa8+ Kh7 29. Qe4+ Kg8 30. Qa8+ Kh7 31. Qe4+ Kg8 1/2-1/2


[Site "https://www.chess.com"]

[Event "Titled Tuesday Blitz July 4 Late 2023"]
[White "Sjugirov, Sanan"]
[Black "Stoleriu, George"]
[WhiteFideId "4189302"]
[BlackFideId "1227505"]
[WhiteElo "2968"]
[BlackElo "2681"]
[Result "1-0"]
[Round "4"]
[TimeControl "180+2"]
[Date "2023.07.04"]
[WhiteClock "0:00:25"]
[BlackClock "0:00:03"]
[Board "15"]

1. e4 e6 2. d4 d5 3. e5 c5 4. c3 Nc6 5. Nf3 Bd7 6. Be2 Nge7 7. O-O Nf5 8. dxc5 Bxc5 9. Bd3 Nfe7 10. Nbd2 Ng6 11. Nb3 Bb6 12. Re1 Bc7 13. Bg5 Qb8 14. Bxg6 hxg6 15. Qe2 a5 16. a4 Bb6 17. h3 Rh5 18. Qd2 Qa7 19. Nbd4 Bxd4 20. Nxd4 Nxd4 21. cxd4 Rc8 22. Rac1 Qb6 23. Rxc8+ Bxc8 24. h4 Bd7 25. Rc1 Rh8 26. Rc5 Kf8 27. Qxa5 Qxa5 28. Rxa5 Kg8 29. Ra7 Bc6 30. b4 b5 31. Rc7 Be8 32. a5 1-0


[Site "https://www.chess.com"]

[Event "Titled Tuesday Blitz July 4 Late 2023"]
[White "Fisher_TheGalactic"]
[Black "Oparin, Grigoriy"]
[BlackFideId "24125890"]
[WhiteElo "2670"]
[BlackElo "2955"]
[Result "0-1"]
[Round "4"]
[TimeControl "180+2"]
[Date "2023.07.04"]
[WhiteClock "0:00:10"]
[BlackClock "0:02:13"]
[Board "16"]

1. Nf3 c5 2. g3 Nc6 3. Bg2 d5 4. O-O Nf6 5. d3 g6 6. Nbd2 Bg7 7. e4 O-O 8. c3 e5 9. Qe2 Re8 10. Rd1 Qc7 11. Nf1 h6 12. Ne3 Be6 13. exd5 Nxd5 14. Nxd5 Bxd5 15. Nh4 Rad8 16. Be3 b6 17. Bxd5 Rxd5 18. Ng2 Red8 19. Ne1 Qd7 20. f3 c4 21. d4 exd4 22. cxd4 Bxd4 23. Ng2 Ne5 24. Kh1 Nd3 25. Bxd4 Rxd4 26. Rf1 b5 27. Qc2 h5 28. Qc3 b4 29. Qc2 Re8 30. Rad1 Nf2+ 31. Qxf2 Rxd1 32. h4 c3 33. bxc3 bxc3 0-1


[Site "https://www.chess.com"]

[Event "Titled Tuesday Blitz July 4 Late 2023"]
[White "Chigaev, Maksim"]
[Black "Popilski, Gil"]
[WhiteFideId "4108116"]
[BlackFideId "2809060"]
[WhiteElo "2948"]
[BlackElo "2653"]
[Result "1-0"]
[Round "4"]
[TimeControl "180+2"]
[Date "2023.07.04"]
[WhiteClock "0:00:05"]
[BlackClock "0:00:02"]
[Board "17"]

1. e4 c5 2. Nf3 d6 3. d4 cxd4 4. Nxd4 Nf6 5. Nc3 g6 6. h3 Bg7 7. g4 Nc6 8. Be3 O-O 9. Bg2 Bd7 10. O-O Ne5 11. b3 Qc8 12. Nd5 Re8 13. c4 Bc6 14. Rc1 e6 15. Nxf6+ Bxf6 16. f4 Nd7 17. Nxc6 bxc6 18. Qxd6 Be7 19. Qd2 e5 20. f5 Bc5 21. Kh1 Bxe3 22. Qxe3 Rd8 23. Qh6 Nf8 24. Rc2 Qc7 25. Rcf2 Rd6 26. c5 Rd4 27. fxg6 hxg6 28. Rxf7 Qxf7 29. Rxf7 Kxf7 30. Bf1 Rxe4 31. Bc4+ Rxc4 32. bxc4 Re8 33. Kg2 e4 34. Kf1 e3 35. Ke2 Re7 36. h4 Re6 37. Qf4+ Kg8 38. Qb8 Re7 39. Qc8 Kf7 40. Qxc6 Ne6 41. Qd5 Kg7 42. Qd6 Kf7 43. Kxe3 Nxc5+ 44. Kf3 Ne6 45. c5 Rc7 46. c6 Rxc6 47. Qd7+ Kf8 48. Qxa7 Rc3+ 49. Ke4 Rc7 50. Qb6 Kf7 51. Ke5 Rc5+ 52. Kd6 Rc2 53. Qb7+ Kf6 54. Qf3+ Kg7 55. Kxe6 1-0


[Site "https://www.chess.com"]

[Event "Titled Tuesday Blitz July 4 Late 2023"]
[White "Goltsev, Dmitry"]
[Black "Nakamura, Hikaru"]
[WhiteFideId "24176710"]
[BlackFideId "2016192"]
[WhiteElo "2828"]
[BlackElo "3177"]
[Result "0-1"]
[Round "4"]
[TimeControl "180+2"]
[Date "2023.07.04"]
[WhiteClock "0:00:07"]
[BlackClock "0:00:21"]
[Board "18"]

1. e4 g6 2. h4 Bg7 3. h5 e5 4. d3 c6 5. h6 Bf6 6. Nf3 d5 7. Nc3 Bg4 8. Be2 d4 9. Nb1 Bxf3 10. Bxf3 Bg5 11. Bxg5 Qxg5 12. Qd2 Qe7 13. a4 Nf6 14. Na3 Na6 15. Nc4 O-O 16. Qg5 Rfe8 17. Rh3 Nb4 18. Bd1 b5 19. axb5 cxb5 20. Na3 a6 21. Rf3 Nfd5 22. Qxe7 Nxe7 23. c3 Nbc6 24. Bb3 Rf8 25. Nc2 dxc3 26. bxc3 a5 27. Ne3 a4 28. Ba2 b4 29. cxb4 Nxb4 30. Bc4 Ra7 31. Kd2 Nec6 32. Rf6 Nd4 33. Rb6 Nbc6 34. Nd5 Rc8 35. Ra3 Kf8 36. Nc3 f5 37. Rxa4 Rxa4 38. Nxa4 fxe4 39. Nc5 exd3 40. Kxd3 Rd8 41. Ke4 Ke7 42. Rb7+ Kd6 43. Nd3 Na5 44. Nxe5 Nxb7 45. Kxd4 Ke7+ 46. Bd5 Kf6 47. f4 Nd6 48. g4 g5 49. Nc6 Re8 50. f5 Re1 51. Nb8 Rd1+ 52. Kc5 Nxf5 53. gxf5 g4 54. Nc6 g3 55. Nd4 Ke5 56. Nf3+ Kxf5 57. Kc4 Kf4 58. Nd4 Ke3 59. Nf5+ Kf2 60. Nxg3 Kxg3 61. Be4 Rd7 62. Kc5 Kf4 63. Kc6 Ra7 64. Bd3 Kg5 65. Kd5 Rd7+ 66. Ke4 Kxh6 67. Ke3 Re7+ 68. Kf4 Kg7 69. Kg4 Ra7 70. Be4 h6 71. Kf3 Kf6 72. Kg3 Ra4 73. Bg2 Kg5 74. Kf2 Ra3 75. Bd5 Kf4 76. Kg2 h5 77. Kh2 Re3 78. Kh1 Kg3 0-1


[Site "https://www.chess.com"]

[Event "Titled Tuesday Blitz July 4 Late 2023"]
[White "Leitao, Rafael"]
[Black "Erigaisi Arjun"]
[WhiteFideId "2101246"]
[BlackFideId "35009192"]
[WhiteElo "2785"]
[BlackElo "3144"]
[Result "0-1"]
[Round "4"]
[TimeControl "180+2"]
[Date "2023.07.04"]
[WhiteClock "0:00:00"]
[BlackClock "0:00:08"]
[Board "19"]

1. c4 b6 2. d4 Bb7 3. Nc3 e6 4. a3 Nf6 5. d5 Bd6 6. Nf3 O-O 7. g3 Na6 8. Bg2 Nc5 9. b4 Nce4 10. Nxe4 Nxe4 11. Bb2 exd5 12. cxd5 a5 13. O-O Re8 14. Qb3 Nf6 15. Nd4 Be5 16. d6 Bxg2 17. dxc7 Qxc7 18. Kxg2 d5 19. Rac1 Qd7 20. Rfd1 h5 21. h4 Qg4 22. Qf3 axb4 23. axb4 Ra2 24. Qxg4 hxg4 25. Rc2 Ne4 26. Rdc1 Nd6 27. Bc3 Rxc2 28. Rxc2 Nc4 29. e3 Bxd4 30. Bxd4 Ra8 31. e4 Rc8 32. Re2 Re8 33. e5 f6 34. e6 Kf8 35. f3 gxf3+ 36. Kxf3 Ke7 37. Kg4 g6 38. h5 gxh5+ 39. Kxh5 Rg8 40. g4 Rg5+ 41. Kh4 Ne5 42. Bxe5 Rxe5 43. Rc2 Rxe6 44. b5 d4 45. Kg3 Kd6 46. Kf4 Kd5 47. Kf5 Rd6 0-1


[Site "https://www.chess.com"]

[Event "Titled Tuesday Blitz July 4 Late 2023"]
[White "Naroditsky, Daniel"]
[Black "Ghazarian, Kirk"]
[WhiteFideId "2026961"]
[BlackFideId "30908604"]
[WhiteElo "3139"]
[BlackElo "2749"]
[Result "1/2-1/2"]
[Round "4"]
[TimeControl "180+2"]
[Date "2023.07.04"]
[WhiteClock "0:00:02"]
[BlackClock "0:00:05"]
[Board "20"]

1. d4 d5 2. Nc3 Nf6 3. Bf4 c5 4. e4 Nxe4 5. Nxe4 dxe4 6. dxc5 Qa5+ 7. c3 Qxc5 8. Qa4+ Nc6 9. Qxe4 g6 10. Nf3 Bg7 11. Rd1 O-O 12. Be3 Qa5 13. Bc4 Bf5 14. Qh4 Rad8 15. O-O h5 16. h3 Rxd1 17. Rxd1 Rd8 18. Re1 Ne5 19. Nxe5 Qxe5 20. Bd2 Qd6 21. Bg5 Bf6 22. Bxf6 exf6 23. Bb3 Kg7 24. Qa4 a6 25. Qa5 Rd7 26. Rd1 Qe7 27. Rxd7 Bxd7 28. Qd5 Bc6 29. Qd2 h4 30. f3 g5 31. Bc2 Qc5+ 32. Qd4 Qe5 33. Kf2 Qg3+ 34. Kf1 Qh2 35. Qd3 Qh1+ 36. Kf2 Qc1 37. b3 Kf8 38. Qd8+ Kg7 39. Qd3 Kf8 40. c4 Qa1 41. a4 Qc1 42. Qd8+ Kg7 43. Qd3 Kf8 44. b4 Bd7 45. b5 axb5 46. cxb5 b6 47. Bb3 Qb2+ 48. Kg1 Qc1+ 49. Qd1 Qc5+ 50. Kh1 Be6 51. Bxe6 fxe6 52. Qd8+ Kg7 53. Qd7+ Kg6 54. Qxe6 Qc1+ 55. Kh2 Qf4+ 56. Kg1 Qc1+ 57. Kf2 Qc2+ 58. Kf1 Qd1+ 59. Qe1 Qxa4 60. Qe8+ Kg7 61. Qd7+ Kg6 62. Qe8+ Kg7 63. Qe7+ Kg6 64. Qd7 Qa1+ 65. Kf2 Qb2+ 66. Kg1 Qc1+ 67. Kf2 Qc2+ 68. Kf1 Qc1+ 69. Ke2 Qc2+ 70. Ke3 Qc1+ 71. Ke2 Qc2+ 72. Ke3 Qc1+ 73. Ke2 1/2-1/2


[Site "https://www.chess.com"]

[Event "Titled Tuesday Blitz July 4 Late 2023"]
[White "Firouzja, Alireza"]
[Black "Mahdavi, Reza"]
[WhiteFideId "12573981"]
[BlackFideId "12595926"]
[WhiteElo "3099"]
[BlackElo "2746"]
[Result "1-0"]
[Round "4"]
[TimeControl "180+2"]
[Date "2023.07.04"]
[WhiteClock "0:00:04"]
[BlackClock "0:00:01"]
[Board "21"]

1. d4 Nf6 2. Bg5 g6 3. c4 Bg7 4. Nc3 O-O 5. e4 d6 6. Be2 c5 7. d5 h6 8. Bh4 b5 9. cxb5 Qa5 10. f3 a6 11. a4 axb5 12. Bc4 bxc4 13. Ne2 Na6 14. O-O Nb4 15. Qd2 Bd7 16. Bxf6 Bxf6 17. Qxh6 Nd3 18. f4 Bg4 19. f5 Bg7 20. Qg5 Bxe2 21. Nxe2 Rfb8 22. fxg6 f6 23. Qg4 Ne5 24. Qh5 Rxb2 25. Nf4 Qd2 26. Rad1 Qe3+ 27. Kh1 Qxe4 28. Rde1 Qc2 29. Re2 Rb1 30. Ree1 Rxe1 31. Rxe1 Qd2 32. Rf1 Kf8 33. Ne6+ Ke8 34. Nxg7+ Kd7 35. Qf5+ Kc7 36. Ne6+ Kb6 37. Qb1+ Ka7 38. g7 Nd3 39. a5 Qb4 40. Qxb4 cxb4 41. Nf8 c3 42. g8=Q c2 43. Qg6 1-0


[Site "https://www.chess.com"]

[Event "Titled Tuesday Blitz July 4 Late 2023"]
[White "Sargsyan, Shant"]
[Black "Ozer, Omer Faruk"]
[WhiteFideId "13306766"]
[BlackFideId "6354564"]
[WhiteElo "3005"]
[BlackElo "2738"]
[Result "0-1"]
[Round "4"]
[TimeControl "180+2"]
[Date "2023.07.04"]
[WhiteClock "0:00:00"]
[BlackClock "0:00:06"]
[Board "22"]

1. c4 e5 2. g3 h5 3. Nc3 h4 4. Bg2 Nc6 5. d3 Bc5 6. e3 d6 7. a3 a6 8. b4 Ba7 9. Rb1 Nge7 10. a4 a5 11. b5 Nb4 12. Nge2 Bf5 13. e4 Bg4 14. h3 Be6 15. g4 Ng6 16. Be3 Bc5 17. Qd2 c6 18. O-O O-O 19. Kh2 Qb6 20. Nc1 Rad8 21. Nb3 Qa7 22. Ne2 cxb5 23. axb5 b6 24. f4 exf4 25. Nxf4 Nxf4 26. Bxf4 a4 27. Nc1 Qa5 28. Bg5 f6 29. Bxh4 a3 30. g5 fxg5 31. Nb3 Qa4 32. Nxc5 dxc5 33. Bxg5 a2 34. Ra1 Rxf1 35. Bxf1 Rf8 36. Qb2 Ra8 37. Be2 Qc2 38. Bc1 Qxb2 39. Bxb2 Nc2 40. Rc1 a1=Q 41. Bxa1 Nxa1 42. Kg3 Nb3 43. Rg1 Nd4 44. Bd1 Ra3 45. Kf4 Rxd3 46. Ke5 Bxc4 47. Bg4 Nxb5 48. Ra1 Nd6 0-1


[Site "https://www.chess.com"]

[Event "Titled Tuesday Blitz July 4 Late 2023"]
[White "Lizak, Peter"]
[Black "Paravyan, David"]
[WhiteFideId "731595"]
[BlackFideId "4194985"]
[WhiteElo "2677"]
[BlackElo "2975"]
[Result "0-1"]
[Round "4"]
[TimeControl "180+2"]
[Date "2023.07.04"]
[WhiteClock "0:00:06"]
[BlackClock "0:00:35"]
[Board "23"]

1. d4 Nf6 2. Nc3 d5 3. Bf4 g6 4. e3 Bg7 5. h4 h5 6. Nf3 O-O 7. Ne5 c5 8. Qd2 cxd4 9. exd4 Nc6 10. f3 Bf5 11. Nxc6 bxc6 12. Bd3 Bxd3 13. Qxd3 c5 14. Be5 cxd4 15. Qxd4 Qb6 16. Qxb6 axb6 17. O-O-O e6 18. Kb1 Ne8 19. Bxg7 Kxg7 20. g4 Nd6 21. Rdg1 hxg4 22. fxg4 b5 23. h5 b4 24. Ne2 Ne4 25. hxg6 fxg6 26. Nd4 Ra6 27. Rh2 Rfa8 28. Rf1 e5 29. Nb3 Rxa2 30. Rd1 d4 31. Re2 Nc5 32. Rxe5 Na4 33. Kxa2 Nc3# 0-1


[Site "https://www.chess.com"]

[Event "Titled Tuesday Blitz July 4 Late 2023"]
[White "Indjic, Aleksandar"]
[Black "Rostomyan, Mikayel"]
[WhiteFideId "911925"]
[BlackFideId "13313754"]
[WhiteElo "2965"]
[BlackElo "2635"]
[Result "1-0"]
[Round "4"]
[TimeControl "180+2"]
[Date "2023.07.04"]
[WhiteClock "0:00:14"]
[BlackClock "0:00:03"]
[Board "24"]

1. d4 d5 2. c4 e5 3. dxe5 Ne7 4. e3 Nbc6 5. f4 Be6 6. a3 dxc4 7. Qc2 Na5 8. Nd2 Nb3 9. Nxb3 cxb3 10. Qf2 Qd5 11. Nf3 O-O-O 12. Be2 f6 13. exf6 gxf6 14. Nd4 Bf7 15. Bf3 Qa5+ 16. Bd2 Qb6 17. Bc3 Nd5 18. O-O Nxc3 19. bxc3 b2 20. Rab1 Bxa3 21. Qc2 Ba2 22. Qa4 Bxb1 23. Rxb1 Bc5 24. Qa2 Bxd4 25. cxd4 Qb4 26. h3 Qd2 27. Qb3 Qc1+ 28. Kh2 Qxb1 29. Bxb7+ Kd7 30. Qf7+ Kd6 31. Qxf6+ Kd7 32. Bc6+ Kc8 33. Qe6+ Rd7 34. Bxd7+ Kd8 35. Bc6 1-0


[Site "https://www.chess.com"]

[Event "Titled Tuesday Blitz July 4 Late 2023"]
[White "Xiong, Jeffery"]
[Black "Fantastic_Power"]
[WhiteFideId "2047640"]
[WhiteElo "2939"]
[BlackElo "2676"]
[Result "1-0"]
[Round "4"]
[TimeControl "180+2"]
[Date "2023.07.04"]
[WhiteClock "0:01:09"]
[BlackClock "0:00:00"]
[Board "25"]

1. e4 c5 2. Nf3 e6 3. c3 d5 4. e5 Nc6 5. d4 Qa5 6. a3 Nxd4 7. Nxd4 cxd4 8. b4 Qb6 9. cxd4 a5 10. b5 Bd7 11. Nc3 Nh6 12. Na4 Qd8 13. Bxh6 gxh6 14. Be2 b6 15. O-O Bg7 16. f4 O-O 17. Bd3 Rb8 18. Rc1 f5 19. g4 Qe8 20. gxf5 exf5 21. Nc3 Be6 22. Kh1 Kh8 23. Na4 Qe7 24. Rc6 Bd7 25. Rd6 Rg8 26. Nxb6 Be6 27. Qh5 Bf8 28. Rc6 Qg7 29. Qf3 Qf7 30. a4 Bb4 31. Rfc1 Rg7 32. Nc8 Bd7 33. Nd6 Qg8 34. Ra6 Bd2 35. Rd1 Be6 36. Bxf5 Bb4 37. Bxe6 Qxe6 38. f5 Qg8 39. f6 Rg6 40. f7 Qg7 41. Ne8 1-0


[Site "https://www.chess.com"]

[Event "Titled Tuesday Blitz July 4 Late 2023"]
[White "Sanal, Vahap"]
[Black "Di Berardino, Diego Rafael"]
[WhiteFideId "6300545"]
[BlackFideId "2105446"]
[WhiteElo "2890"]
[BlackElo "2627"]
[Result "1-0"]
[Round "4"]
[TimeControl "180+2"]
[Date "2023.07.04"]
[WhiteClock "0:00:53"]
[BlackClock "0:00:01"]
[Board "26"]

1. d4 Nf6 2. c4 e6 3. Nf3 Bb4+ 4. Nbd2 O-O 5. a3 Be7 6. g3 b6 7. Bg2 Bb7 8. O-O d5 9. cxd5 exd5 10. Nb1 c5 11. Nc3 Na6 12. Bg5 Nc7 13. Rc1 Ne6 14. Bxf6 Bxf6 15. e3 Rc8 16. h4 cxd4 17. exd4 Rc4 18. b3 Rc8 19. Re1 Qd6 20. b4 Rc4 21. Bf1 Rcc8 22. Nb5 Rxc1 23. Qxc1 Qb8 24. Bh3 a6 25. Nc3 Nxd4 26. Nxd4 Bxd4 27. Ne2 Bf6 28. Nf4 g6 29. Bg2 Rd8 30. Nd3 Qd6 31. Qd2 Bc6 32. h5 Bb5 33. Nf4 Bg5 34. hxg6 hxg6 35. Qd4 Bxf4 36. gxf4 Bc4 37. f5 gxf5 38. Re3 f4 39. Re5 f6 40. Rf5 Re8 41. Rxf6 Re1+ 42. Kh2 Qe7 43. Rg6+ Kh7 44. Rg4 Qf7 45. Rh4+ Kg6 46. Qxb6+ Kg5 47. Qh6+ Kf5 48. Rxf4+ 1-0


[Site "https://www.chess.com"]